 Dungeon Crawl Stone Soup version 0.17.0-26-gececa24 (webtiles) character file.

4932 inmateoo the Carver (level 10, -4/76 HPs)
             Began as a Mummy Fighter on Nov 20, 2015.
             Was a Believer of Yredelemnul.
             Slain by a gargoyle
             ... wielding a +0 mace
              (8 damage)
             ... on level 10 of the Dungeon.
             The game lasted 00:13:52 (9965 turns).

inmateoo the Carver (Mummy Fighter)                 Turns: 9965, Time: 00:13:52

Health: -4/76      AC: 10    Str: 22    XL:     10   Next: 27%
Magic:  10/10      EV:  7    Int:  8    God:    Yredelemnul [**....]
Gold:   596        SH: 10    Dex: 12    Spells: 0 memorised, 9 levels left

rFire  . . .     SeeInvis .     j - +8 short sword of Pestilence {flame, +Inv rElec rF+ Stlth+}
rCold  + . .     Clarity  .     l - +0 scale mail
rNeg   + + +     SustAt   +     c - +0 shield
rPois  ∞         Gourm    .     (no helmet)
rElec  +         Spirit   .     (no cloak)
rCorr  +         Warding  .     (no gloves)
rMut   .         Stasis   .     e - +2 pair of boots
MR     +....                    t - amulet of resist corrosion
Stlth  +.........               u - ring of sustain attributes
                                (no ring)

@: somewhat resistant to hostile enchantments, very unstealthy
A: no food or potions, fire vulnerability, cold resistance 1, negative energy
resistance 3, torment resistance, unbreathing
a: Animate Remains, Recall Undead Slaves, Injury Mirror, Renounce Religion,
Evoke Invisibility


You were on level 10 of the Dungeon.
You worshipped Yredelemnul.
Yredelemnul was pleased with you.
You were not hungry.

You visited 1 branch of the dungeon, and saw 10 of its levels.

You collected 596 gold pieces.

Inventory:

Hand Weapons
 a - a +0 long sword
 b - a +3 dagger of venom
 j - the +8 short sword of Pestilence (weapon) {flame, +Inv rElec rF+ Stlth+}
   (You found it on level 6 of the Dungeon)

   It has been specially enchanted to burn those struck by it, causing extra
   injury to most foes and up to half again as much damage against particularly
   susceptible opponents.
   It protects you from fire.
   It insulates you from electricity.
   It lets you turn invisible.
   It makes you more stealthy.
 q - a +0 blowgun
Missiles
 p - 46 poisoned needles
Armour
 c - a +0 shield (worn)
 e - a +2 pair of boots (worn)
 l - a +0 scale mail (worn)
Jewellery
 r - an uncursed ring of teleportation
 t - an amulet of resist corrosion (around neck)
 u - a ring of sustain attributes (right hand)
 x - an uncursed ring of flight
Wands
 d - a wand of flame (18)
 n - a wand of draining (9)
 o - a wand of paralysis (17)
 s - a wand of fire (6)
Scrolls
 f - 5 scrolls of remove curse
 g - 2 scrolls of teleportation
 h - 2 scrolls of amnesia
 i - 9 scrolls of identify
 k - a scroll of fog
 m - a scroll of noise
 v - 6 scrolls of enchant weapon
 w - a scroll of fear
Books
 y - a book of Frost

   Spells                             Type                      Level
   a - Freeze                         Ice                          1
   b - Throw Frost                    Conjuration/Ice              2
   c - Ozocubu's Armour               Charms/Ice                   3
   d - Throw Icicle                   Conjuration/Ice              4
   e - Summon Ice Beast               Ice/Summoning                4
   f - Condensation Shield            Ice                          4


   Skills:
 + Level 5.7 Fighting
 + Level 10.5 Long Blades
 + Level 4.7 Armour
 + Level 5.0 Shields


You had 9 spell levels left.
You didn't know any spells.

Dungeon Overview and Level Annotations

Branches:
Dungeon (10/15)            Temple (0/1) D:5
   Lair: D:8-11         Orc: D:9-12

Altars:
Elyvilon
Fedhas
Gozag
Kikubaaqudgha
Makhleb
Yredelemnul

Portals:
Trove: D:10 (give +4 storm dragon armour)

Annotations:
D:3 Gorice's ghost, amateur DsWn


Innate Abilities, Weirdness & Mutations

You do not eat or drink.
Your flesh is vulnerable to fire.
You are immune to poison.
Your flesh is cold resistant.
You are immune to negative energy.
You are immune to unholy pain and torment.
You can survive without breathing.


Message History

You puncture the gargoyle! You burn the gargoyle.
The gargoyle is moderately damaged.
The gargoyle hits you with a mace!
You puncture the gargoyle! You burn the gargoyle.
The gargoyle is severely damaged.
Your shield and scale mail prevent you from hitting the gargoyle.
The gargoyle is severely damaged.
The gargoyle hits you with a mace!
* * * LOW HITPOINT WARNING * * *
You are too injured to fight recklessly!
You are too injured to fight recklessly!
You closely miss the gargoyle.
The gargoyle is severely damaged.
The gargoyle hits you with a mace!
* * * LOW HITPOINT WARNING * * *
You hit the gargoyle but do no damage.
The gargoyle is severely damaged.
The gargoyle hits you with a mace!
You die...
Yredelemnul claims you as an undead slave.

.# #.# ## #.# ...
#.# ... #.# .. #.#
#..##.###.#####
......[9@...(.#
#..##.###)###.##...
# #<........#
#####....## ####


You could see a gargoyle.

Vanquished Creatures
  2 deep elf magi
  Eustachio (D:5)
  Grum (D:9)
  2 hippogriffs
  4 wolves
  A water moccasin (D:9)
  A black bear (D:7)
  3 orc warriors
  A necrophage (D:7)
  6 ogres
  2 phantoms
  A wasp (D:7)
  An ice beast (D:7)
  A sky beast (D:9)
  3 centaurs
  2 big kobolds
  5 giant frogs
  4 scorpions
  2 centaur zombies (D:7)
  4 hounds
  A crimson imp (D:6)
  A giant frog skeleton (D:10)
  A centaur skeleton (D:5)
  5 orc priests
  6 worker ants
  6 gnoll shamans (D:9)
  4 iguanas
  2 orc wizards
  A killer bee zombie (D:9)
  2 hound zombies
  9 adders
  10 gnolls
  2 adder skeletons
  A worm (D:4)
  6 giant geckos
  23 orcs
  3 ball pythons
  12 bats
  3 giant cockroaches
  8 goblins
  4 hobgoblins
  6 kobolds
  2 quokkas
  5 giant newts
  3 rats (D:2)
  A plant (D:9)
174 creatures vanquished.

Vanquished Creatures (others)
  6 fungi (D:9)
  7 plants (D:9)
13 creatures vanquished.

Grand Total: 187 creatures vanquished

Notes
Turn   | Place    | Note
--------------------------------------------------------------
     0 | D:1      | inmateoo the Mummy Fighter began the quest for the Orb.
     0 | D:1      | Reached XP level 1. HP: 18/18 MP: 1/1
   112 | D:1      | Reached XP level 2. HP: 13/24 MP: 2/2
   775 | D:2      | Reached XP level 3. HP: 2/29 MP: 3/3
  1563 | D:2      | Reached XP level 4. HP: 35/35 MP: 4/4
  2175 | D:2      | Found a basalt altar of Yredelemnul.
  2240 | D:3      | Noticed Gorice's ghost (amateur DsWn)
  2383 | D:2      | Became a worshipper of Yredelemnul the Dark
  2867 | D:4      | Noticed a black bear
  3298 | D:4      | Reached XP level 5. HP: 38/42 MP: 5/5
  3434 | D:5      | Entered Level 5 of the Dungeon
  3535 | D:5      | Noticed Eustachio
  3535 | D:5      | Noticed an ogre
  3742 | D:5      | Killed Eustachio
  3742 | D:5      | Reached skill level 4 in Long Blades
  3742 | D:5      | Reached XP level 6. HP: 42/48 MP: 6/6
  3745 | D:5      | Killed an ogre
  3783 | D:5      | Found a staircase to the Ecumenical Temple.
  3895 | D:5      | Got a faintly glowing trident
  3896 | D:5      | Identified the cursed +3 trident of the Blowfly {freeze, rPois rN+ Int-4} (You found it on level 5 of the Dungeon)
  3915 | D:5      | Reached skill level 5 in Long Blades
  3996 | D:5      | Noticed a centaur
  4005 | D:5      | Killed a centaur
  4005 | D:5      | Reached XP level 7. HP: 43/53 MP: 7/7
  4021 | D:5      | Found a blossoming altar of Fedhas.
  4027 | D:5      | Found a burning altar of Makhleb.
  4028 | D:5      | Found an opulent altar of Gozag.
  4105 | D:5      | You fall through a shaft!
  4483 | D:7      | Reached skill level 6 in Long Blades
  4582 | D:6      | Reached skill level 7 in Long Blades
  4619 | D:6      | Reached XP level 8. HP: 54/60 MP: 8/8
  4736 | D:5      | Noticed a phantom
  5047 | D:6      | Got a faintly glowing short sword
  5048 | D:6      | Identified the +8 short sword of Pestilence {flame, +Inv rElec rF+ Stlth+} (You found it on level 6 of the Dungeon)
  5095 | D:6      | Reached * piety under Yredelemnul
  5298 | D:6      | Killed a phantom
  5298 | D:6      | Reached skill level 8 in Long Blades
  5799 | D:7      | Reached skill level 9 in Long Blades
  6268 | D:7      | Reached XP level 9. HP: 65/65 MP: 9/9
  6751 | D:8      | Found a white marble altar of Elyvilon.
  6761 | D:8      | Reached skill level 10 in Long Blades
  7088 | D:9      | Found an ancient bone altar of Kikubaaqudgha.
  8172 | D:9      | Reached ** piety under Yredelemnul
  8226 | D:9      | Noticed Grum
  8477 | D:9      | Reached skill level 5 in Fighting
  8617 | D:9      | Killed Grum
  8617 | D:9      | Reached XP level 10. HP: 47/74 MP: 10/10
  9427 | D:10     | Entered Level 10 of the Dungeon
  9512 | D:10     | Found a portal to a secret trove of treasure.
  9954 | D:10     | Reached skill level 5 in Shields
  9965 | D:10     | Slain by a gargoyle

Action                   |  1- 3 |  4- 6 |  7- 9 | 10-12 || total
-------------------------+-------+-------+-------+-------++-------
Melee: Long sword        |   157 |   102 |    26 |       ||   285
       Dagger            |       |    39 |    62 |       ||   101
       Short sword       |       |       |   313 |   119 ||   432
Evoke: Wand              |       |       |     2 |       ||     2
  Use: Scroll            |     4 |     5 |     6 |     1 ||    16
